 Dungeon Crawl Stone Soup version 0.18.1-50-g88ac8fd (webtiles) character file.

52458 banshee the Severer (level 14, -13/129 HPs)
             Began as a Minotaur Berserker on Oct 9, 2016.
             Was a High Priest of Trog.
             Shot with a bolt by a yaktaur (18 damage)
             ... on level 1 of the Depths on Oct 11, 2016.
             The game lasted 05:00:43 (25959 turns).

banshee the Severer (Minotaur Berserker)           Turns: 25959, Time: 05:00:44

Health: -13/129    AC: 20    Str: 27    XL:     14   Next: 27%
Magic:  13/13      EV: 10    Int:  4    God:    Trog [*****.]
Gold:   920        SH:  0    Dex: 10    Spells: 0 memorised, 13 levels left

rFire  . . .     SeeInvis .     g - +3 war axe (elec)
rCold  . . .     Gourm    .     W - +0 plate armour
rNeg   . . .     Faith    .     (no shield)
rPois  .         Spirit   .     (helmet restricted)
rElec  .         Dismiss  .     G - +0 cloak
rCorr  .         Reflect  .     (no gloves)
SustAt .         Harm     +     z - +0 pair of boots
MR     +....                    X - amulet of harm
Stlth  ..........               (no ring)
                                (no ring)

@: exhausted, slowed, very slow, somewhat resistant to hostile enchantments,
extremely unstealthy
A: retaliatory headbutt, horns 2
a: Berserk, Trog's Hand, Brothers in Arms, Burn Spellbooks, Renounce Religion


You were on level 1 of the Depths.
You worshipped Trog.
Trog was extremely pleased with you.
You were not hungry.

You visited 4 branches of the dungeon, and saw 19 of its levels.
You visited the Abyss 1 time.
You also visited: Labyrinth.

You collected 1092 gold pieces.
You spent 172 gold pieces at shops.

Inventory:

Hand Weapons
 g - a +3 war axe of electrocution (weapon)
 l - a +1 flail of protection
 m - a +3 halberd
 C - a +0 battleaxe
 O - a +0 war axe of chopping
Armour
 n - the +4 ring mail "Dathrof" {*Corrode +Inv MR+++ SInv}
   (You found it on level 14 of the Dungeon)

   It affects your resistance to hostile enchantments.
   It lets you see invisible.
   It lets you turn invisible.
   It may corrode you when you take damage.
 z - a +0 pair of boots (worn)
 G - a +0 cloak (worn)
 W - a +0 plate armour (worn)
Jewellery
 d - an uncursed amulet of regeneration {unknown}
 s - the ring of the Coward {MR+ Str+2 Int+2, unknown}
   (You found it on level 3 of the Abyss)

   [ring of intelligence]

   It affects your strength (+2).
   It affects your intelligence (+2).
   It affects your resistance to hostile enchantments.
 H - an uncursed amulet of rage
 X - an amulet of harm (around neck)
Wands
 f - a wand of digging (3/24)
 p - a wand of teleportation (6/9)
 x - a wand of flame (29/48)
 J - a wand of heal wounds (5/9)
Scrolls
 c - a scroll of noise
 j - 2 scrolls of magic mapping
 r - a scroll of fear
 v - a scroll of teleportation
 D - 4 scrolls of amnesia
 K - 4 scrolls of remove curse
 P - a scroll of immolation
 U - a scroll of random uselessness
Potions
 a - a potion of curing
 b - 5 potions of lignification
 k - 2 potions of haste
 o - 2 potions of magic {unknown}
 q - 3 potions of berserk rage
 u - 5 potions of cancellation
 w - a potion of degeneration {unknown}
 E - 2 potions of brilliance {unknown}
 F - 2 potions of ambrosia
 M - 2 potions of beneficial mutation {unknown}
 S - 2 potions of flight {unknown}
 V - 2 potions of might
Books
 y - a book of the Tempests

   Spells                             Type                      Level
   a - Static Discharge               Conjuration/Air              3
   b - Lightning Bolt                 Conjuration/Air              5
   c - Fireball                       Conjuration/Fire             5
   d - Tornado                        Air                          9
   e - Shatter                        Earth                        9
   Trog disapproves of the use of such an item.
 A - a book of Air

   Spells                             Type                      Level
   a - Shock                          Conjuration/Air              1
   b - Swiftness                      Charms/Air                   2
   c - Repel Missiles                 Charms/Air                   2
   d - Static Discharge               Conjuration/Air              3
   e - Lightning Bolt                 Conjuration/Air              5
   Trog disapproves of the use of such an item.
Comestibles
 h - 3 beef jerkies
 i - 2 meat rations
 N - 4 bread rations
 Q - 2 royal jellies
 R - 2 slices of pizza


   Skills:
 + Level 13.1 Fighting
 - Level 20.0 Axes
   Level 0.2 Slings
 * Level 14.9 Armour
 - Level 6.2 Dodging


You had 13 spell levels left.
You didn't know any spells.

Dungeon Overview and Level Annotations

Branches:
Dungeon (15/15)            Temple (1/1) D:5            Lair (0/8) D:8
    Orc (2/2) D:11         Vaults (0/5) D:13         Depths (1/5) D:15
    Elf: Orc:2

Altars:
Ashenzari
Cheibriados
Dithmenos
Elyvilon
Fedhas
Gozag
Kikubaaqudgha
Makhleb
Nemelex Xobeh
Okawaru
Pakellas
Qazlal
Ru
Sif Muna
Trog
Vehumet
Xom
Yredelemnul
Zin
The Shining One

Shops:
D:5 *

Annotations:
D:9 Psyche
Orc:2 Sonja
Depths:1 exclusion: obsidian statue


Innate Abilities, Weirdness & Mutations

You reflexively headbutt those who attack you in melee.
You have a pair of horns on your head.


Message History

You kill the ufetubus!
Trog accepts your kill.
You hit the fire dragon.
The fire dragon is severely wounded.
You slash the fire dragon! You headbutt the fire dragon.
The fire dragon is almost dead.
The yaktaur shoots a bolt.
The bolt hits you!!
* * * LOW HITPOINT WARNING * * *
The fire dragon bites you.
* * * LOW HITPOINT WARNING * * *
The fire dragon barely misses you.
The fire dragon tramples you but does no damage.
You are too berserk!
You are too berserk!
Really walk into a travel-excluded area?
You feel a strong urge to attack something.
You are no longer berserk.
You are exhausted.
You feel yourself slow down.
The yaktaur shoots a bolt.
The bolt hits you!
You die...

#. #.
#.##########
#...≈#≈≈≈.≈.
#....#≈..§.
###.<#≈)# ##
#..#$%#443
#≈.#./8445
#.@#$(#444
###..#§[# ##
#..D(#≈§.§.
#...≈#≈≈§§≈.
#c##########
#W(.cc....
##.Dcc....
#Wpc.....
#........


You could see a fire dragon, an obsidian statue, a flayed ghost, a yaktaur, 2
ice devils, 2 sixfirhies, a chaos spawn and a quasit.

Vanquished Creatures
  A dire elephant (D:15)
  A minotaur (Lab)
  A vault guard (D:13)
  2 hydras
  A death knight (D:15)
  Erolcha (Orc:1)
  2 centaur warriors (D:13)
  5 skeletal warriors (D:15)
  An unseen horror (D:15)
  A wizard (D:12)
  2 phantasmal warriors (D:15)
  3 starcursed masses (Abyss:3)
  11 hill giants
  A swamp dragon (shapeshifter) (D:11)
  An orc knight (Orc:1)
  2 wolf spider zombies
  A deep elf mage (D:13)
  2 manticores
  16 ugly things
  3 cyclopes
  A naga mage (D:15)
  3 centaur skeletons
  An ancient zyme (Abyss:3)
  6 trolls
  A merfolk (D:13)
  19 slime creatures
  A harpy skeleton (D:15)
  3 two-headed ogres
  4 yaks (D:12)
  A shadow (D:13)
  4 wraiths
  Sigmund (D:6)
  3 water elementals (D:14)
  A steam dragon (D:10)
  3 wyverns
  The ghost of nxtlvl the Scratcher, an amateur FeTm (D:10)
  5 hippogriffs
  3 hungry ghosts
  6 vampire mosquitoes
  A mottled dragon (D:15)
  A soldier ant (D:12)
  2 wargs (Orc:1)
  2 ice beasts
  3 sky beasts
  A wasp (D:8)
  2 black bears (D:8)
  An eye of draining (D:14)
  2 phantoms
  11 orc warriors
  17 ogres
  A crocodile (D:13)
  9 centaurs (D:11)
  4 big kobolds
  10 giant frogs
  2 wyvern zombies
  A wyvern skeleton (D:8)
  5 scorpions
  14 killer bees
  10 wights
  6 howler monkeys (D:13)
  3 jellies
  3 electric eels (D:14)
  7 crimson imps
  3 centaur zombies
  2 giant frog zombies
  6 hounds
  15 orc priests
  14 orc wizards
  3 giant frog skeletons
  A gnoll shaman (D:4)
  Jessica (D:3)
  2 iguanas
  Ijyb (D:3)
  7 worker ants
  2 killer bee zombies
  A hound zombie (D:8)
  A worker ant zombie (D:11)
  17 adders
  9 gnolls
  A howler monkey skeleton (D:5)
  8 shadow imps
  2 ufetubi
  An adder zombie (D:7)
  2 oozes
  2 adder skeletons
  3 worms
  3 dart slugs
  3 giant geckos
  60 orcs
  2 giant cockroaches
  10 goblins
  14 hobgoblins
  15 jackals
  6 quokkas
  3 ball pythons
  4 bats
  A giant gecko skeleton (D:5)
  5 giant newts
  A jackal skeleton (D:4)
  17 kobolds
  A quokka skeleton (D:6)
  2 quokka zombies
  3 rats
497 creatures vanquished.

Vanquished Creatures (collateral kills)
  A tentacled monstrosity (Abyss:3)
  The ghost of Yakub the Cleaver, a novice MiBe of Trog (D:9)
  A sixfirhy (Abyss:3)
  An orc warrior (Orc:1)
  2 orc priests (Orc:1)
  An orc wizard (D:9)
  2 orcs
9 creatures vanquished.

Grand Total: 506 creatures vanquished

Notes
Turn   | Place    | Note
--------------------------------------------------------------
     0 | D:1      | banshee the Minotaur Berserker began the quest for the Orb.
     0 | D:1      | Reached XP level 1. HP: 19/19 MP: 0/0
   638 | D:1      | Reached XP level 2. HP: 23/27 MP: 1/1
   755 | D:1      | Reached skill level 4 in Axes
  1493 | D:2      | Reached XP level 3. HP: 33/33 MP: 2/2
  1667 | D:2      | Found a deep blue altar of Sif Muna.
  1670 | D:2      | Found a snail-covered altar of Cheibriados.
  1732 | D:2      | Found a shadowy altar of Dithmenos.
  2192 | D:1      | Reached skill level 5 in Axes
  2415 | D:2      | Reached XP level 4. HP: 37/40 MP: 3/3
  2445 | D:2      | Reached ** piety under Trog
  2722 | D:3      | Noticed Jessica
  2729 | D:3      | Killed Jessica
  2729 | D:3      | Reached skill level 6 in Axes
  2766 | D:3      | Reached XP level 5. HP: 37/46 MP: 4/4
  2840 | D:3      | Found a shattered altar of Ashenzari.
  3436 | D:3      | Noticed Ijyb
  3461 | D:3      | Killed Ijyb
  3858 | D:3      | Reached skill level 7 in Axes
  4021 | D:4      | Reached XP level 6. HP: 52/52 MP: 5/5
  4022 | D:4      | Reached skill level 8 in Axes
  4186 | D:4      | Found a glowing silver altar of Zin.
  4398 | D:4      | Reached *** piety under Trog
  4554 | D:4      | Reached skill level 9 in Axes
  4822 | D:4      | Reached XP level 7. HP: 59/59 MP: 6/6
  5192 | D:5      | Entered Level 5 of the Dungeon
  5258 | D:5      | Reached skill level 10 in Axes
  5486 | D:5      | Found a staircase to the Ecumenical Temple.
  5539 | D:5      | Found a sparkling altar of Nemelex Xobeh.
  5701 | D:5      | Found Teorphaoq's Assorted Antiques.
  5731 | D:5      | Bought a scroll labeled IHANLU YMAH for 25 gold pieces
  5731 | D:5      | Bought a sapphire potion for 22 gold pieces
  5731 | D:5      | Bought a moonstone ring for 125 gold pieces
  6036 | D:5      | Reached **** piety under Trog
  6036 | D:5      | Reached skill level 5 in Armour
  6333 | Temple   | Entered the Ecumenical Temple
  6747 | D:6      | Reached XP level 8. HP: 66/66 MP: 7/7
  6998 | D:6      | Found a sacrificial altar of Ru.
  7139 | D:6      | Noticed Sigmund
  7146 | D:6      | Killed Sigmund
  7146 | D:6      | Reached skill level 5 in Fighting
  7146 | D:6      | Reached skill level 11 in Axes
  7151 | D:6      | Found an opulent altar of Gozag.
  7750 | D:7      | Reached skill level 12 in Axes
  8081 | D:7      | Reached XP level 9. HP: 68/75 MP: 8/8
  8706 | D:7      | Reached skill level 13 in Axes
  9459 | D:8      | Reached ***** piety under Trog
  9606 | D:8      | Found a staircase to the Lair.
  9774 | D:8      | Reached skill level 14 in Axes
 10499 | D:9      | Noticed Psyche
 10525 | D:9      | Found a glowing golden altar of the Shining One.
 10617 | D:9      | Noticed Yakub's ghost (novice MiBe)
 10633 | D:9      | Killed Yakub's ghost
 10633 | D:9      | Reached XP level 10. HP: 41/86 MP: 9/9
 10936 | D:9      | Reached skill level 5 in Dodging
 11184 | D:9      | You fall through a shaft!
 11184 | D:10     | Entered Level 10 of the Dungeon
 11184 | D:10     | Noticed nxtlvl's ghost (amateur FeTm)
 11197 | D:10     | Killed nxtlvl's ghost
 11707 | D:10     | Noticed a hill giant
 11715 | D:10     | Killed a hill giant
 12245 | D:11     | Noticed a purple ugly thing
 12257 | D:11     | Killed a purple ugly thing
 12422 | D:11     | Reached skill level 15 in Axes
 12509 | D:11     | Received a gift from Trog
 12509 | D:11     | Reached XP level 11. HP: 83/92 MP: 10/10
 13087 | D:11     | Noticed a hill giant
 13095 | D:11     | Reached skill level 10 in Armour
 13102 | D:11     | Killed a hill giant
 13342 | D:11     | Found a staircase to the Orcish Mines.
 13390 | D:11     | Noticed a cyan ugly thing
 13409 | D:11     | Killed a cyan ugly thing
 14161 | D:11     | Noticed a swamp dragon
 14178 | D:11     | Killed a swamp dragon
 14513 | D:11     | Noticed a brown ugly thing
 14525 | D:11     | Killed a brown ugly thing
 14910 | Orc:1    | Entered Level 1 of the Orcish Mines
 15071 | Orc:1    | Noticed an orc knight
 15079 | Orc:1    | Killed an orc knight
 15079 | Orc:1    | Reached skill level 16 in Axes
 15565 | Orc:1    | Noticed Erolcha
 15573 | Orc:1    | Killed Erolcha
 15573 | Orc:1    | Reached skill level 10 in Fighting
 15992 | Orc:1    | Found a burning altar of Makhleb.
 16196 | Orc:2    | Entered Level 2 of the Orcish Mines
 16197 | Orc:2    | Noticed Sonja
 16994 | D:12     | Found a labyrinth entrance.
 17003 | Lab      | Entered a labyrinth
 18176 | Lab      | Noticed a minotaur
 18182 | Lab      | Killed a minotaur
 18349 | D:12     | Reached XP level 12. HP: 79/108 MP: 11/11
 18635 | D:12     | Reached skill level 17 in Axes
 19070 | D:12     | Received a gift from Trog
 19771 | D:12     | Reached skill level 18 in Axes
 20025 | D:13     | Noticed a vault guard
 20039 | D:13     | Killed a vault guard
 20330 | D:13     | Noticed a centaur warrior
 20337 | D:13     | Killed a centaur warrior
 20801 | D:13     | Reached skill level 19 in Axes
 20889 | D:13     | Found a gate to the Vaults.
 20920 | D:13     | Noticed a centaur warrior
 20925 | D:13     | Killed a centaur warrior
 21074 | D:13     | Reached XP level 13. HP: 106/114 MP: 12/12
 21121 | D:13     | Found an iron altar of Okawaru.
 21826 | D:14     | Reached skill level 20 in Axes
 22247 | D:14     | Found a shattered altar of Ashenzari.
 22253 | D:14     | Got a polished war axe
 22254 | D:14     | Identified the cursed +2 war axe "Sosuch" {flame, +Blink rPois} (You found it on level 14 of the Dungeon)
 22274 | D:14     | Got a distressingly furry ring mail
 22285 | D:14     | Identified the +4 ring mail "Dathrof" {*Corrode +Inv MR+++ SInv} (You found it on level 14 of the Dungeon)
 22837 | D:14     | Found a blossoming altar of Fedhas.
 23100 | D:15     | Entered Level 15 of the Dungeon
 23473 | D:15     | Found a shadowy altar of Dithmenos.
 25294 | D:15     | Reached XP level 14. HP: 42/127 MP: 13/13
 25800 | D:15     | Found a staircase to the Depths.
 25824 | Depths:1 | Entered Level 1 of the Depths
 25877 | Depths:1 | Cast into level 3 of the Abyss (a wizard)
 25877 | Abyss:3  | Found a corrupted altar of Lugonu.
 25883 | Abyss:3  | Got a crude steel ring
 25904 | Abyss:3  | Noticed a starcursed mass
 25917 | Abyss:3  | Noticed a tentacled monstrosity
 25939 | Abyss:3  | Killed a tentacled monstrosity
 25946 | Depths:1 | Escaped the Abyss
 25957 | Depths:1 | HP: 7/193 [fire dragon (7)]
 25959 | Depths:1 | Shot with a bolt by a yaktaur

Skill      XL: |  1  2  3  4  5  6  7  8  9 10 11 12 13 14 |
---------------+-------------------------------------------+-----
Fighting       | 4 5 7 10 12 13 | 13.1
Axes           | 4 5 6 7 9 10 12 14 15 16 19 20 | 20.0
Armour         | 5 6 9 10 14 | 14.9
Dodging        | 4 6 |  6.2
Slings         | |  0.2

Action                   |  1- 3 |  4- 6 |  7- 9 | 10-12 | 13-15 || total
-------------------------+-------+-------+-------+-------+-------++-------
Melee: Hand axe          |    51 |   148 |   183 |       |       ||   382
       Headbutt          |     4 |    27 |    62 |   138 |    83 ||   314
       War axe           |       |       |   146 |   300 |   267 ||   713
       Flail             |       |       |       |   212 |       ||   212
       Battleaxe         |       |       |       |    80 |    31 ||   111
 Fire: Hunting sling     |    42 |       |       |       |       ||    42
Throw: Stone             |    18 |    20 |     1 |       |       ||    39
       Throwing net      |       |       |     2 |     1 |     1 ||     4
Invok: Berserk           |     1 |     6 |     6 |    19 |    14 ||    46
       Burn Spellbooks   |       |       |     1 |       |     2 ||     3
       Brothers in Arms  |       |       |     1 |     2 |     1 ||     4
       Trog's Hand       |       |       |       |     3 |     1 ||     4
Evoke: Wand              |       |       |       |     6 |    18 ||    24
  Use: Scroll            |     5 |     4 |     8 |     7 |    16 ||    40
       Potion            |       |       |     2 |     2 |     5 ||     9
 Stab: Distracted        |       |       |       |       |     1 ||     1
  Eat: Chunk             |     5 |    13 |    14 |    32 |     8 ||    72
       Bread ration      |       |       |     1 |     4 |     1 ||     6
       Meat ration       |       |       |     1 |     1 |     3 ||     5
       Pizza             |       |       |     1 |       |       ||     1
       Fruit             |       |       |       |     6 |     5 ||    11
Armor: Animal skin       |     2 |       |       |       |       ||     2
       Ring mail         |    17 |    24 |       |       |    14 ||    55
       Chain mail        |       |    10 |       |       |       ||    10
       Scale mail        |       |    12 |   126 |     8 |       ||   146
       Plate armour      |       |       |       |   256 |   140 ||   396
Dodge: Dodged            |    27 |    67 |   131 |   251 |   139 ||   615
